Map: Ruins of Seras

Players

Chris (MCanning)

  • Race: Protoss Protoss
  • League: Master

Amnesia (NoRegreT) - Winner!

  • Race: Zerg Zerg
  • League: Diamond

VOD

Have the link to the VOD?

Description

Time

  • Played on: Nov. 14, 2015, 2:43 a.m.
  • Length: 8:39
Show
View Real Time Build Order
Export as new Build Order

Chris Protoss 

Build Orders: Nexus First 

Get SALT Encoding   

  12  0:02  Probe (Chrono Boost)  
  13  0:12  Probe (Chrono Boost)  
  14  0:20  Pylon  
  14  0:23  Probe (Chrono Boost)  
  15  0:38  Probe (Chrono Boost)  
  16  0:48  Probe (Chrono Boost)  
  17  0:59  Nexus  
  17  1:09  Gateway  
  17  1:13  Probe (Chrono Boost)  
  18  1:22  Assimilator  
  18  1:23  Probe (Chrono Boost)  
  19  1:27  Assimilator  
  19  1:34  Probe (Chrono Boost)  
  19  1:39  Pylon  
  20  1:45  Probe (Chrono Boost)  
  21  1:55  Probe (Chrono Boost)  
  22  2:05  Zealot  
  22  2:06  Probe (Chrono Boost)  
  22  2:08  Cybernetics Core  
  25  2:12  Probe (Chrono Boost)  
  26  2:16  Probe (Chrono Boost)  
  26  2:22  Probe (Chrono Boost)  
  28  2:27  Probe (Chrono Boost)  
  29  2:33  Probe (Chrono Boost)  
  30  2:37  Probe (Chrono Boost)  
  30  2:43  Probe (Chrono Boost)  
  32  2:48  Probe (Chrono Boost)  
  32  2:50  Stalker  
  35  2:52  Warp Gate  
  35  2:54  Probe (Chrono Boost)  
  36  3:00  Twilight Council  
  36  3:03  Probe (Chrono Boost)  
  36  3:05  Mothership Core (Chrono Boost)  
  39  3:13  Probe (Chrono Boost)  
  39  3:18  Pylon  
  40  3:23  Probe (Chrono Boost)  
  40  3:24  Probe (Chrono Boost)  
  42  3:32  Pylon  
  42  3:34  Probe x2 (Chrono Boost)  
  44  3:43  Gateway, Probe (Chrono Boost)  
  44  3:45  Probe (Chrono Boost), Charge (Chrono Boost)  
  46  3:49  Gateway  
  46  4:05  Gateway  
  46  4:06  Gateway  
  46  4:11  Gateway  
  46  4:12  Gateway  
  46  4:19  Gateway  
  46  4:26  Pylon  
  46  4:29  Gateway  
  46  4:41  Pylon  
  46  4:47  Gateway  
  46  4:56  Zealot x3  
  52  5:01  Probe  
  53  5:10  Zealot x4  
  53  5:11  Pylon  
  57  5:17  Dark Shrine  
  57  5:23  Zealot x2  
  57  5:24  Zealot x2  
  57  5:26  Pylon  
  65  5:34  Zealot x3  
  65  5:35  Zealot  
  73  5:47  Zealot  
  73  5:48  Zealot x4  
  71  6:01  Zealot x2  
  77  6:07  Zealot x2  
  81  6:11  Zealot  
  81  6:12  Zealot  
  83  6:22  Zealot  
  83  6:23  Zealot x3  
  71  6:29  Probe  
  71  6:31  Dark Templar  
  60  6:33  Dark Templar  
  60  6:35  Dark Templar  
  60  6:41  Mothership Core  
  58  6:50  Zealot x4  
  58  6:51  Zealot  
  67  7:00  Dark Templar x2  
  53  7:14  Zealot x4  
  53  7:15  Zealot  
  63  7:29  Robotics Facility  
  57  7:31  Pylon  
  57  7:33  Pylon  
  56  7:39  Zealot  
  56  7:40  Zealot x2  
  41  8:03  Zealot x5  
Show
View Real Time Build Order
Export as new Build Order

Amnesia Zerg - Winner!

Build Orders: 3 Hatch before Pool, Lurkers 

Get SALT Encoding   

  12  0:04  Drone  
  13  0:09  Drone  
  14  0:21  Extractor  
  14  0:22  Drone  
  14  0:23  Drone, Extractor  
  16  0:28  Overlord  
  16  0:51  Hatchery  
  16  0:54  Drone  
  16  0:58  Drone  
  18  1:04  Drone  
  18  1:17  Drone  
  19  1:32  Extractor  
  18  1:35  Hatchery  
  17  1:44  Drone, Spawning Pool  
  17  1:47  Drone  
  17  1:50  Drone  
  19  1:58  Drone  
  20  2:07  Drone x2  
  22  2:15  Drone  
  23  2:17  Drone  
  24  2:24  Drone  
  25  2:30  Drone  
  25  2:32  Queen  
  28  2:38  Extractor  
  28  2:39  Extractor, Queen  
  28  2:42  Metabolic Boost  
  30  2:44  Overlord  
  30  2:46  Drone  
  30  2:50  Drone  
  32  2:53  Zergling x2  
  32  2:55  Drone  
  34  3:04  Queen  
  36  3:06  Drone x2  
  36  3:12  Lair  
  38  3:17  Overlord  
  38  3:19  Drone  
  39  3:26  Drone x3  
  42  3:37  Drone x5  
  47  3:44  Drone x4  
  47  3:47  Overlord  
  50  3:49  Extractor  
  50  3:51  Drone, Extractor  
  50  3:52  Drone  
  50  3:53  Overlord  
  50  4:05  Zergling x6  
  50  4:06  Zergling x4  
  50  4:07  Overlord  
  50  4:09  Drone  
  56  4:13  Drone  
  57  4:17  Hydralisk Den  
  57  4:20  Zergling x6  
  57  4:21  Zergling x2  
  57  4:22  Zergling x4  
  62  4:27  Drone  
  62  4:28  Zergling x6  
  62  4:29  Zergling x2  
  67  4:32  Overlord  
  67  4:35  Zergling x2  
  68  4:46  Hydralisk  
  68  4:47  Hydralisk x2  
  68  4:48  Lurker Den  
  74  4:56  Overseer, Hydralisk  
  75  5:00  Zergling x12  
  75  5:01  Zergling x2  
  82  5:13  Hydralisk  
  82  5:14  Hydralisk  
  78  5:17  Overlord  
  78  5:20  Overlord  
  82  5:28  Zergling x2  
  82  5:30  Overlord  
  82  5:35  Zergling x2  
  81  5:44  Zergling x8  
  81  5:46  Zergling x8  
  81  5:47  Zergling x2  
  88  5:52  Zergling x2  
  88  5:53  Zergling x2  
  88  5:55  Zergling x4  
  88  5:57  Zergling x4  
  88  5:59  Zergling x4  
  88  6:00  Zergling x4  
  88  6:02  Zergling x6  
  88  6:03  Zergling x2  
  97  6:14  Lurker  
  96  6:20  Zergling x8  
  96  6:22  Zergling x4  
  90  6:30  Hydralisk x6  
  90  6:32  Zergling x10  
  102  6:40  Zergling x2  
  102  6:43  Zergling x2  
  102  6:44  Zergling x2  
  96  7:03  Zergling x4  
  96  7:08  Overseer, Zergling x2  
  83  7:09  Zergling x8  
  83  7:11  Zergling x6  
  83  7:12  Lurker  
  83  7:13  Lurker x2  
  89  7:17  Zergling x6  
  89  7:21  Zergling x2  
  89  7:25  Zergling x2  
  81  7:42  Zergling x2  
  81  7:43  Zergling x4  
  73  7:51  Zergling x2  
  73  7:54  Zergling x2  
  73  7:57  Zergling x2  
  66  8:01  Spore Crawler, Spine Crawler x2  
  63  8:16  Zergling x4  
Tags
 
Add a new tag
Caveats
  • Supply blocks, unpowered buildings, or Contaminate may cause inaccurate times.
  • Supply counts are checked every 10 seconds.